Map: Double the Carnage 3.0

Players

MrFercho

  • Race: Zerg Zerg
  • Spawn Location: 6:00

Player 2

  • Race: Terran Terran
  • Spawn Location: 12:00

tigro

  • Race: Terran Terran
  • Spawn Location: 5:00

Player 4

  • Race: Protoss Protoss
  • Spawn Location: 1:00

Player 5

  • Race: Terran Terran
  • Spawn Location: 0:00

VOD

Have the link to the VOD?

Description

Time

  • Played on: April 25, 2020, 10:43 p.m.
  • Length: 21:12
Show
View Real Time Build Order
Export as new Build Order

MrFercho Zerg 

Build Orders: Pool First, Muta Ling Bane 

Get SALT Encoding   

  12  0:05  Drone  
  13  0:15  Overlord  
  13  0:19  Drone  
  14  0:36  Drone x2  
  16  0:45  Unknown  
  15  0:50  Spawning Pool  
  15  0:51  Drone x2  
  16  1:05  Evolution Chamber  
  16  1:10  Drone  
  16  1:25  Drone x2  
  18  1:42  Hatchery  
  18  1:44  Drone x2  
  19  1:48  Unknown  
  19  1:54  Metabolic Boost  
  18  2:05  Zerg Melee Weapons Level 1  
  18  2:09  Drone x2  
  18  2:12  Queen  
  22  2:48  Overlord x3  
  22  3:09  Baneling Nest  
  21  3:14  Roach Warren  
  20  3:29  Drone x5  
  25  3:35  Drone x3  
  25  3:36  Drone x3  
  31  3:52  Lair  
  31  4:02  Drone x2  
  33  4:07  Unknown  
  33  4:09  Unknown  
  31  4:32  Drone x12  
  43  4:44  Zerg Ground Armor Level 1  
  43  5:02  Infestation Pit  
  42  5:21  Zergling x4  
  42  5:22  Zergling x6  
  42  5:23  Roach  
  49  5:59  Nydus Network  
  46  6:04  Hydralisk Den  
  46  6:06  Spire  
  46  6:10  Drone x6  
  49  6:46  Zerg Melee Weapons Level 2  
  49  6:49  Hive  
  49  6:58  Tunneling Claws  
  49  7:01  Centrifical Hooks  
  49  7:19  Mutalisk  
  49  7:21  Overlord  
  49  7:22  Overlord  
  51  7:23  Overlord  
  51  7:47  Mutalisk  
  51  7:48  Mutalisk x9  
  67  8:17  Hatchery  
  67  8:18  Hatchery x3  
  63  8:20  Hatchery  
  63  8:23  Hatchery  
  57  9:11  Hydralisk x2  
  57  9:12  Hydralisk  
  57  9:13  Zergling x8, Hydralisk  
  57  9:14  Zergling x2  
  57  9:15  Zergling x4  
  49  11:10  Overlord x3  
  49  11:11  Overlord  
  49  11:13  Hydralisk x2  
  49  11:14  Hydralisk x4  
  49  11:15  Hydralisk  
  49  11:16  Mutalisk x4  
  49  11:17  Mutalisk x2  
  68  11:18  Zergling x2  
  68  11:19  Zergling x10  
  68  11:20  Zergling x2  
  75  11:35  Glial Reconstitution  
  75  12:03  Hatchery  
  74  12:32  Hatchery  
  73  12:43  Hatchery  
  61  13:33  Zerg Ground Armor Level 2  
  61  13:37  Zerg Flyer Armor Level 1  
  61  13:39  Adrenal Glands  
  61  13:43  Grooved Spines  
  59  14:31  Corruptor x5  
  59  14:32  Corruptor x4  
  59  14:33  Corruptor x4  
  59  14:34  Corruptor x6  
  59  14:35  Corruptor x5  
  107  14:55  Muscular Augments  
  107  15:00  Unknown  
  106  15:39  Unknown  
  106  15:40  Unknown  
  104  15:47  Unknown  
  103  15:50  Unknown  
  31  17:12  Mutalisk  
  31  17:13  Mutalisk x15  
  31  17:14  Mutalisk x5  
  73  17:22  Drone x3  
  76  17:36  Drone x3  
  79  17:41  Drone x3  
  82  18:01  Burrow  
  82  18:02  Pneumatized Carapace  
  82  18:21  Greater Spire  
  82  18:22  Ultralisk Cavern  
  39  18:44  Corruptor x5  
  49  18:55  Zergling x4  
  50  18:56  Zergling x34  
  68  19:10  Viper  
  68  19:11  Viper  
  68  19:14  Ultralisk  
  80  19:25  Baneling x4  
  80  19:26  Baneling x10  
  80  19:27  Baneling  
  80  19:37  Baneling  
  80  19:38  Baneling x8  
  80  19:40  Baneling  
  80  19:41  Baneling x2  
  62  20:13  Ultralisk x2  
  62  20:14  Corruptor x3  
Show
View Real Time Build Order
Export as new Build Order

Player 2 Terran 

Build Orders: 2 Factory 

Get SALT Encoding   

  12  0:00  SCV  
  13  0:13  SCV  
  14  0:14  Supply Depot  
  14  0:25  SCV  
  15  0:37  SCV  
  15  0:38  Barracks  
  16  0:49  SCV  
  17  0:54  Command Center  
  17  1:01  SCV  
  18  1:16  Supply Depot  
  18  1:21  Unknown  
  18  1:22  SCV  
  18  1:25  Marine  
  20  1:32  Barracks  
  20  1:34  SCV  
  21  1:42  Marine  
  22  1:47  SCV  
  22  1:50  Supply Depot  
  23  2:00  Orbital Command  
  23  2:02  Barracks Tech Lab  
  23  2:07  SCV  
  24  2:18  Marine  
  24  2:19  Marine, SCV  
  27  2:25  SCV  
  27  2:26  Engineering Bay  
  28  2:31  SCV  
  28  2:36  Marine  
  30  2:37  Marine, SCV  
  30  2:43  SCV  
  33  2:49  SCV  
  34  2:54  Marine, Unknown  
  34  2:55  Marine, SCV  
  34  2:56  Unknown  
  37  3:00  Factory  
  37  3:02  SCV, Unknown  
  38  3:12  Barracks Tech Lab  
  38  3:13  Marauder  
  38  3:17  Factory  
  40  3:24  Supply Depot  
  40  3:33  SCV  
  41  3:34  Marine  
  41  3:35  SCV  
  41  3:40  Marauder  
  45  3:43  Factory Tech Lab  
  45  3:44  Stimpack  
  45  3:46  Starport, SCV  
  45  3:48  SCV  
  47  3:50  Starport  
  47  3:52  Reaper  
  47  3:53  Supply Depot, Combat Shield  
  48  3:58  Terran Infantry Weapons Level 1, SCV  
  48  4:00  SCV  
  48  4:01  Factory Tech Lab, Siege Tank  
  53  4:10  SCV  
  53  4:12  Marauder, SCV  
  57  4:22  Supply Depot, SCV  
  58  4:24  SCV  
  58  4:25  Marauder, Starport Tech Lab  
  58  4:27  Starport Tech Lab  
  61  4:34  SCV, Siege Tank  
  65  4:43  SCV  
  65  4:44  Reaper  
  67  4:46  SCV  
  67  4:47  Supply Depot  
  68  4:55  Viking  
  68  4:56  SCV  
  71  5:05  Missile Turret  
  71  5:06  Hellion  
  73  5:09  SCV, Missile Turret  
  73  5:10  SCV  
  73  5:12  Concussive Shells, Missile Turret  
  73  5:13  Supply Depot  
  75  5:17  Hellion  
  75  5:18  Missile Turret  
  77  5:21  SCV  
  77  5:27  Sensor Tower  
  77  5:28  Siege Tank  
  81  5:29  Armory  
  81  5:34  Raven x2  
  85  5:36  Bunker  
  85  5:39  Barracks, Hellion  
  85  5:41  Supply Depot  
  87  5:44  Bunker  
  87  5:53  Terran Infantry Armor Level 1  
  87  6:00  Siege Tank  
  90  6:04  Supply Depot  
  90  6:05  Siege Tank  
  93  6:28  Barracks Reactor  
  93  8:37  Raven  
  93  8:42  Viking  
  93  8:43  Hellion  
  93  8:47  Supply Depot  
  97  8:54  Marauder, Marine  
  97  8:55  Marine  
  93  8:56  Hellion, Marine  
  76  9:03  Sensor Tower  
  76  9:05  Hellion  
  64  9:12  Viking  
  64  9:13  Marauder, Marine  
  64  9:14  Marine  
  64  9:15  Marauder, Factory  
  61  9:17  Hellion  
  61  9:20  Viking  
  61  9:22  Supply Depot  
  31  9:34  SCV  
  5  10:15  Command Center  
  5  10:19  Supply Depot  
  1  11:30  SCV  
  1  11:42  SCV  
Show
View Real Time Build Order
Export as new Build Order

tigro Terran 

Build Orders:  

Get SALT Encoding   

  12  0:10  SCV  
  13  0:23  SCV  
  13  0:27  Supply Depot  
  14  0:33  Unknown  
  14  0:35  SCV  
  15  0:47  Unknown  
  15  0:48  SCV  
  16  1:01  SCV  
  17  1:05  Barracks  
  17  1:13  SCV  
  18  1:24  Supply Depot  
  18  1:25  SCV  
  19  1:44  SCV  
  20  1:56  SCV  
  20  2:00  Marine  
  22  2:03  Engineering Bay  
  22  2:08  SCV  
  22  2:14  Barracks  
  23  2:18  Marine  
  23  2:20  SCV  
  25  2:32  SCV  
  25  2:36  Marine  
  27  2:54  Marine  
  28  3:01  Missile Turret  
  28  3:08  Barracks Tech Lab  
  28  3:12  Marine  
  29  3:26  Factory  
  29  3:28  Missile Turret  
  29  3:29  Marine  
  29  3:31  Combat Shield  
  30  3:45  Orbital Command  
  30  3:53  Barracks Tech Lab  
  30  4:17  Marauder  
  30  4:20  Factory Tech Lab  
  32  4:39  Marauder  
  32  4:43  Supply Depot  
  34  4:49  Stimpack, Concussive Shells  
  34  4:52  Marauder  
  36  5:00  Marauder  
  38  5:13  Marauder  
  40  5:21  Marauder  
  42  5:34  Siege Tank  
  42  5:35  Marauder  
  43  5:43  Marauder  
  39  5:56  Marauder  
  35  6:04  Marauder  
  35  6:06  Siege Tank  
  40  6:18  Marauder  
  42  6:21  Terran Infantry Armor Level 1  
  42  6:26  Marauder, Armory  
  44  6:38  Siege Tank  
  47  6:55  Marauder x2  
  51  7:11  Siege Tank  
  54  7:16  Marauder x2  
  58  7:31  Command Center  
  58  7:34  Terran Vehicle Weapons Level 1  
  58  7:37  Marauder x2  
  62  7:51  Siege Tank  
  48  7:59  Marauder x2  
  49  8:16  Terran Infantry Weapons Level 1  
  49  8:20  Marauder x2  
  49  8:21  Unknown  
  49  8:22  Thor  
  59  8:29  Unknown  
  59  8:40  Starport  
  59  8:42  Marauder x2  
  63  9:03  Marauder x2  
  63  9:05  Thor  
  64  9:24  Marauder  
  64  9:28  Terran Vehicle And Ship Armor Level 1  
  66  9:46  Marauder  
  66  9:48  Thor  
  62  10:10  Neosteel Armor  
  40  10:31  Thor  
  46  10:37  Marauder  
  46  10:40  Marauder  
  50  10:46  Planetary Fortress  
  50  10:58  Marauder  
  50  11:01  Marauder  
  54  11:05  Starport Tech Lab  
  44  11:14  Thor  
  50  11:19  Marauder  
  50  11:22  Terran Ship Weapons Level 1, Marauder  
  54  11:33  Viking  
  54  11:35  Starport  
  56  11:41  Marauder  
  56  11:44  Marauder  
  60  11:50  Hi-Sec Auto Tracking  
  60  11:57  Thor  
  66  12:02  Marauder  
  66  12:03  Medivac  
  66  12:05  Marauder  
  72  12:32  Banshee  
  75  13:04  Thor  
  75  13:15  Viking  
  69  13:45  Medivac  
  69  13:47  Thor  
  68  14:15  Viking  
  66  15:41  Starport Tech Lab  
  66  15:42  Infernal Pre-Igniter  
  66  15:47  Terran Infantry Weapons Level 2  
  66  15:50  Terran Ship Weapons Level 2  
  66  16:01  Medivac  
  66  16:03  Marine  
  69  16:07  Marine  
  70  16:21  Marine  
  70  16:25  Marine  
  72  16:37  Fusion Core  
  72  16:38  Viking  
  72  16:39  Marine  
  75  16:43  Marine  
  76  16:57  Marine  
  76  17:00  Marine  
  78  17:01  Mag-Field Accelerator  
  78  17:56  Unknown  
  78  18:03  Terran Infantry Armor Level 2  
  78  18:04  Weapon Refit  
  78  18:06  Terran Vehicle Weapons Level 2  
  78  18:14  Unknown  
  78  18:17  Unknown  
  78  18:23  Supply Depot  
  78  18:38  Marine x2  
  78  18:39  Viking  
  78  18:40  Banshee  
  78  18:41  Drilling Claws  
  35  18:56  Marine  
  35  19:09  Viking  
  34  19:19  Marine  
  34  19:23  Banshee  
  38  19:31  Supply Depot  
  38  19:37  Marine  
  39  19:39  Viking  
  39  19:45  Rapid Reignition System  
  41  19:54  Supply Depot  
  41  19:55  Marine  
  44  20:09  Viking  
  44  20:12  Marine  
  27  20:30  Marine  
Show
View Real Time Build Order
Export as new Build Order

Player 4 Protoss 

Build Orders: 1 Gate Expand, Double Forge, Archon Immortal, Carriers 

Get SALT Encoding   

  12  0:01  Probe  
  13  0:13  Probe  
  14  0:16  Pylon  
  14  0:24  Probe  
  15  0:32  Probe  
  15  0:36  Unknown  
  15  0:40  Probe  
  15  0:41  Gateway  
  16  0:47  Pylon  
  17  0:51  Probe  
  18  0:59  Probe  
  19  1:07  Probe  
  19  1:17  Probe, Nexus  
  21  1:30  Probe, Zealot  
  21  1:32  Cybernetics Core  
  24  1:40  Gateway  
  24  1:42  Probe  
  24  1:46  Pylon  
  25  1:54  Probe  
  26  1:57  Zealot  
  28  2:02  Probe  
  29  2:10  Probe  
  29  2:11  Warp Gate  
  30  2:15  Adept  
  30  2:17  Pylon  
  30  2:20  Probe  
  30  2:27  Sentry  
  30  2:28  Probe  
  36  2:32  Probe  
  37  2:41  Pylon, Probe  
  37  2:44  Adept, Robotics Facility, Probe  
  41  2:53  Adept, Probe  
  41  2:56  Probe  
  45  3:05  Probe x2  
  46  3:11  Gateway  
  47  3:13  Probe  
  47  3:14  Sentry  
  47  3:17  Probe  
  51  3:22  Probe  
  51  3:23  Adept  
  51  3:26  Pylon  
  54  3:29  Probe  
  54  3:30  Probe  
  59  3:34  Immortal  
  59  3:38  Probe  
  59  3:39  Robotics Facility  
  59  3:40  Stalker  
  62  3:41  Probe  
  64  3:49  Probe  
  64  3:52  Pylon  
  64  3:53  Stalker, Probe  
  68  3:57  Pylon  
  68  3:58  Unknown  
  68  4:01  Probe  
  68  4:02  Gateway  
  69  4:03  Immortal  
  69  4:05  Adept, Probe  
  72  4:13  Probe  
  77  4:17  Stalker, Probe  
  80  4:25  Stalker, Observer  
  80  4:27  Pylon  
  80  4:30  Forge  
  80  4:31  Stalker  
  85  4:40  Forge  
  85  4:41  Stalker  
  85  4:42  Immortal  
  85  4:44  Immortal  
  95  4:54  Stalker  
  95  4:58  Stalker  
  99  5:03  Pylon  
  99  5:06  Photon Cannon  
  99  5:09  Photon Cannon  
  99  5:16  Immortal  
  99  5:22  Immortal  
  99  5:23  Zealot  
  109  5:34  Pylon  
  109  5:38  Twilight Council, Nexus  
  109  5:41  Unknown  
  109  5:45  Pylon  
  109  5:48  Unknown  
  109  5:52  Zealot x2  
  113  6:03  Zealot  
  115  6:04  Zealot  
  115  6:06  Photon Cannon  
  115  6:07  Protoss Ground Weapons Level 1  
  115  6:08  Zealot  
  119  6:11  Pylon  
  119  6:12  Zealot  
  119  6:14  Photon Cannon  
  119  6:17  Pylon  
  121  6:20  Templar Archives  
  121  6:21  Protoss Ground Armor Level 1  
  121  6:30  Zealot x3  
  127  6:33  Zealot  
  129  6:40  Immortal, Pylon  
  129  6:44  Zealot  
  131  6:50  Immortal, Zealot  
  131  6:51  Probe, Zealot  
  131  6:52  Probe  
  131  6:54  Zealot  
  147  6:57  Zealot  
  147  6:58  Probe  
  150  7:03  Probe  
  150  7:04  Probe  
  150  7:07  Unknown  
  152  7:10  Probe, Zealot  
  152  7:12  High Templar  
  152  7:14  High Templar  
  152  7:15  Probe, Zealot  
  162  7:17  Pylon  
  162  7:24  Probe  
  162  7:25  Probe  
  162  7:26  Archon  
  162  7:27  Probe  
  165  7:35  Immortal x2  
  173  7:44  Pylon  
  173  7:53  Unknown  
  173  8:03  Probe, High Templar  
  173  8:04  Probe x2  
  173  8:05  High Templar  
  180  8:09  Pylon  
  180  8:11  Protoss Ground Weapons Level 2  
  180  8:14  Observer  
  180  8:15  Archon  
  181  8:21  Protoss Ground Armor Level 2  
  182  8:27  Probe, High Templar, Observer  
  182  8:28  Probe, High Templar  
  182  8:29  Probe  
  189  8:35  Pylon  
  189  8:43  Photon Cannon, Psionic Storm  
  189  8:48  Probe  
  189  8:49  Probe  
  189  8:51  Archon  
  189  8:52  Photon Cannon, Warp Prism x2  
  189  8:54  Stalker, Photon Cannon, Zealot  
  189  8:57  Stalker  
  189  8:59  Zealot  
  189  9:01  Pylon  
  183  9:06  Nexus  
  181  9:14  Zealot  
  181  9:15  Zealot  
  183  9:17  Stalker  
  183  9:19  Stalker  
  187  9:25  Pylon  
  187  9:28  Immortal  
  191  9:32  Gateway  
  191  9:34  High Templar  
  191  9:35  Stalker  
  191  9:37  Stalker  
  197  9:42  Zealot  
  199  9:49  Pylon  
  199  9:53  Adept, Robotics Facility  
  199  9:56  Sentry  
  203  10:03  Stalker  
  203  10:07  Zealot  
  207  10:09  Stargate  
  207  10:12  Stalker  
  207  10:13  Forge, High Templar  
  211  10:20  Pylon, Probe  
  211  10:21  Probe x2  
  213  10:22  Probe  
  213  10:24  Zealot  
  213  10:26  Sentry x2  
  221  10:33  Unknown  
  221  10:35  Stalker, Nexus  
  223  10:38  Stalker  
  225  10:43  Pylon  
  225  10:45  Zealot  
  225  10:49  Sentry  
  229  10:50  High Templar  
  231  10:57  Pylon  
  231  10:58  Sentry  
  231  11:01  High Templar  
  231  11:03  Photon Cannon  
  235  11:06  Gateway, Sentry  
  235  11:10  Stalker  
  239  11:14  Stalker, Photon Cannon  
  239  11:18  Photon Cannon  
  241  11:21  Stalker  
  243  11:26  High Templar  
  243  11:29  Stalker, Photon Cannon  
  243  11:30  Stalker  
  249  11:36  High Templar  
  251  11:41  Pylon  
  251  11:44  Stalker  
  253  11:47  Stalker  
  253  11:51  Stalker  
  253  11:52  Stalker, Unknown  
  259  11:57  Void Ray  
  259  12:00  Stalker, Pylon  
  259  12:01  Nexus  
  265  12:06  Adept  
  265  12:07  Fleet Beacon  
  267  12:14  Stargate  
  267  12:26  Pylon  
  267  12:29  Void Ray  
  267  12:35  Photon Cannon  
  267  12:38  Observer  
  267  12:43  Pylon  
  267  12:44  Observer  
  270  12:48  Void Ray  
  271  12:53  Carrier  
  275  13:02  Stargate  
  269  13:08  Pylon  
  265  13:18  Photon Cannon  
  265  13:20  Photon Cannon  
  265  13:24  Photon Cannon  
  265  13:27  Unknown  
  265  13:28  Nexus  
  265  13:30  Oracle  
  265  13:31  Immortal  
  268  13:35  Pylon  
  268  13:36  Observer  
  268  13:37  Phoenix  
  268  13:38  Carrier  
  268  13:40  Unknown  
  268  13:43  Pylon  
  268  13:45  Carrier  
  270  13:53  Stargate  
  270  13:58  Photon Cannon  
  282  14:05  Photon Cannon  
  282  14:06  Phoenix  
  284  14:10  Photon Cannon  
  284  14:14  Photon Cannon  
  284  14:21  Void Ray, Pylon  
  284  14:33  Carrier  
  284  14:36  Phoenix  
  284  14:38  Tempest  
  290  14:41  Stargate  
  296  14:49  Unknown  
  296  14:51  Carrier  
  301  14:54  Oracle, Pylon, Nexus  
  301  15:01  Unknown  
  301  15:05  Carrier  
  310  15:18  Photon Cannon  
  310  15:19  Phoenix  
  310  15:24  Pylon  
  318  15:28  Void Ray  
  318  15:30  Phoenix  
  322  15:39  Carrier  
  322  15:41  Protoss Shields Level 1  
  324  15:42  Tempest  
  324  15:45  Carrier  
  324  15:46  Photon Cannon  
  324  15:47  Photon Cannon  
  324  15:48  Protoss Air Weapons Level 1  
  330  15:50  Photon Cannon  
  330  15:53  Pylon  
  341  16:01  Void Ray  
  341  16:02  Carrier  
  341  16:09  Charge  
  341  16:11  Protoss Ground Weapons Level 3  
  347  16:17  Carrier  
  351  16:23  Nexus, Unknown  
  351  16:28  Pylon  
  343  16:37  Void Ray  
  335  16:43  Phoenix  
  341  16:47  Photon Cannon  
  341  16:49  Phoenix  
  341  16:51  Pylon  
  341  17:01  Phoenix  
  338  17:08  Void Ray  
  338  17:09  Protoss Ground Armor Level 3  
  338  17:13  Oracle  
  338  17:14  Phoenix  
  338  17:15  Photon Cannon, Carrier  
  344  17:16  Tempest  
  344  17:17  Photon Cannon  
  344  17:19  Anion Pulse-Crystals  
  344  17:20  Photon Cannon  
  358  17:31  Blink  
  358  17:39  Void Ray  
  358  17:41  Void Ray, Protoss Air Armor Level 1, Unknown  
  358  17:43  Pylon  
  362  17:47  Tempest  
  371  17:58  Void Ray x2  
  371  17:59  Void Ray  
  371  18:05  Photon Cannon  
  375  18:09  Protoss Shields Level 2  
  375  18:10  Carrier, Pylon  
  375  18:17  Phoenix  
  375  18:18  Void Ray  
  381  18:23  Robotics Bay  
  387  18:30  Tempest  
  388  18:34  Phoenix  
  388  18:37  Photon Cannon  
  388  18:38  Photon Cannon  
  388  18:40  Phoenix  
  384  18:45  Photon Cannon  
  384  18:50  Tempest  
  384  18:56  Void Ray  
  384  18:57  Phoenix  
  384  18:59  Gravitic Boosters  
  393  19:08  Resonating Glaives  
  395  19:12  Void Ray  
  399  19:18  Void Ray  
  399  19:19  Void Ray  
  399  19:34  Void Ray  
  399  19:35  Void Ray  
  399  19:37  Gravitic Drive  
  397  20:17  Void Ray  
Show
View Real Time Build Order
Export as new Build Order

Player 5 Terran 

Build Orders:  

Get SALT Encoding   

  12  0:01  SCV  
  13  0:13  SCV  
  14  0:16  Supply Depot  
  14  0:25  SCV  
  15  0:38  SCV  
  15  0:40  Barracks  
  15  0:42  Unknown  
  16  0:50  SCV  
  17  1:02  SCV  
  18  1:08  Supply Depot  
  18  1:14  SCV  
  19  1:21  Barracks  
  19  1:27  Marine, SCV  
  21  1:34  Factory  
  21  1:40  Orbital Command  
  21  1:46  Barracks Tech Lab  
  21  1:54  Supply Depot  
  21  2:04  Marine  
  22  2:09  Marine  
  23  2:21  Marine  
  23  2:22  Hellion  
  26  2:26  Marine  
  26  2:27  Supply Depot  
  27  2:39  Marine  
  28  2:44  Marine  
  28  2:45  Hellion  
  28  2:49  SCV  
  28  2:50  Engineering Bay  
  32  2:52  Supply Depot  
  32  3:01  SCV  
  33  3:06  Hellion  
  35  3:13  SCV  
  36  3:25  SCV  
  37  3:27  Hellion  
  39  3:37  SCV  
  40  3:49  Hellion  
  42  4:10  Hellion  
  44  4:31  Hellion  
  46  5:03  Barracks Tech Lab, Unknown  
  46  5:04  Marauder, Stimpack, Terran Infantry Weapons Level 1  
  48  5:07  Factory, Factory Tech Lab  
  48  5:08  Starport  
  48  5:10  Starport  
  48  5:15  Supply Depot  
  48  5:17  Missile Turret  
  48  5:21  Combat Shield  
  48  5:25  Marauder  
  48  5:27  Missile Turret  
  50  5:29  Siege Tank  
  50  5:32  Barracks  
  53  5:36  SCV  
  53  5:39  Supply Depot  
  50  5:46  Viking  
  50  5:48  SCV  
  50  5:49  Bunker, Starport Tech Lab  
  48  5:51  Factory Tech Lab  
  44  5:59  Armory  
  44  6:01  Siege Tank, SCV  
  43  6:05  Marine  
  41  6:14  Marine  
  41  6:17  Starport Tech Lab  
  42  6:20  Raven  
  42  6:24  Marine  
  45  6:33  Marine  
  45  6:39  Raven  
  48  6:42  Marine  
  49  6:52  Marine  
  50  6:57  Sensor Tower, Barracks Reactor  
  50  6:58  Terran Infantry Armor Level 1  
  50  7:01  Cyclone  
  53  7:10  Thor  
  59  7:54  Marauder  
  58  8:02  Marine  
  59  8:24  Command Center  
  57  9:03  Hellion  
  57  9:06  Medivac  
  57  9:07  Medivac, Hellion  
  57  9:09  Factory, SCV  
  63  9:14  Starport  
  63  9:17  Marine  
  58  9:21  Marine, SCV  
  52  9:26  Marine  
  44  9:32  Engineering Bay  
  44  9:33  SCV  
  44  9:34  Marine  
  44  9:36  Raven  
  44  9:37  Medivac, Supply Depot  
  47  9:39  Marine  
  47  9:44  Hellion  
  47  9:45  SCV  
  47  9:48  Hellion, Missile Turret  
  47  9:52  Barracks, Marine  
  49  9:54  Factory Tech Lab  
  49  9:55  SCV  
  49  9:57  Marine  
  49  9:58  SCV  
  51  10:05  Siege Tank  
  49  10:08  SCV  
  49  10:10  Hellion, Marine, SCV  
  49  10:12  Unknown  
  48  10:15  Marine  
  48  10:20  SCV, Unknown  
  53  10:21  Siege Tank  
  53  10:22  SCV  
  51  10:29  Marine  
  51  10:31  Hellion  
  51  10:32  SCV  
  51  10:34  Marine, SCV  
  57  10:42  Missile Turret  
  57  10:44  SCV  
  57  10:46  SCV  
  57  10:49  Hellion  
  58  10:53  Marine  
  58  10:56  SCV  
  57  10:58  SCV  
  57  10:59  Hellion  
  56  11:08  SCV  
  56  11:11  SCV  
  58  11:15  Hellion  
  60  11:20  SCV  
  60  11:23  SCV  
  62  11:31  Hellion  
  62  11:32  SCV  
  65  11:35  SCV  
  66  11:41  Barracks Reactor  
  66  11:44  SCV  
  67  11:47  SCV  
  67  11:53  Factory Tech Lab  
  68  11:56  SCV  
  68  11:59  SCV  
  70  12:01  Starport  
  70  12:08  SCV  
  70  12:11  Siege Tank, SCV  
  75  12:21  Siege Tank, SCV  
  79  12:23  SCV  
  79  12:29  Siege Tank  
  83  12:33  SCV  
  83  12:37  SCV  
  85  12:38  Supply Depot, Starport Reactor  
  85  12:44  Siege Tank  
  88  12:45  SCV  
  88  12:49  SCV  
  87  12:52  Marauder  
  87  12:53  Marine  
  87  12:54  Siege Tank  
  87  12:57  SCV  
  89  12:58  Marine  
  89  13:00  Marine  
  89  13:01  SCV  
  69  13:13  Marine  
  69  13:15  Viking  
  69  13:17  Marine  
  58  13:21  Marine  
  58  13:23  Marine  
  39  13:31  Marine  
  12  14:09  Command Center  
Tags
 
Add a new tag
Caveats
  • Supply blocks, unpowered buildings, or Contaminate may cause inaccurate times.
  • Supply counts are checked every 10 seconds.